cohdb
Replays
Latest Replays
All Replays
Popular Replays
Top Player Replays
Match Explorer
How It Works
Community
CoH3 Stats
Reddit
Sign in to upload your games and track your stats! →
Sign in with Steam
Match 41505671
Unlisted
Match 41505671
Overview
Messages
Build Orders
End
Selects Heavy Weapons
Construct Weapon Support Center
M1919 Machine Gun Team
Bazooka Squad
M1919 Machine Gun Team
Construct Barracks
Infantry Support Center
Selects M2HB .50cal Heavy Machine Gun
Engineer Squad
M3 Armored Personnel Carrier
M1 Mortar Team
Selects Assault Carriers
Advanced Logistics
Forward Retreat Point
Selects Exchangeable Parts
Survival Training
Munitions Surplus
Engineer Squad
Demolitions Package
Improved M9 Bazooka Rockets
Bazooka Squad
1⁄4-ton 4x4 Truck
Selects Towed M5 3-inch Anti-tank Gun
Towed M5 3-inch Anti-tank Gun
.30 cal Machine Gun
Towed M5 3-inch Anti-tank Gun
Particycles
banksss33
Milliam
Tenal Jan
Leo Major
Doge
Harrier Du Bois
asd
0
0
Comments
sign in to comment!
No comments posted yet!